 Seeded DCSS version 0.28.0 (webtiles) character file.

Game seed: 10379525442082979767 (custom seed)

28 hikkokomori the Charlatan (level 3, -1/27 HPs)
             Began as a Formicid Artificer on Feb 16, 2022.
             Slain by an adder (2 damage)
             ... on level 2 of the Dungeon.
             The game lasted 00:02:05 (1693 turns).

hikkokomori the Charlatan (Formicid Artificer)      Turns: 1693, Time: 00:02:06

Health: -1/27      AC:  3    Str: 18    XL:     3   Next: 27%
Magic:  3/3        EV: 11    Int: 10    God:
Gold:   37         SH:  0    Dex: 11    Spells: 2/2 levels left

rFire   . . .      SeeInvis +   a - +0 club
rCold   . . .      Faith    .   (no shield)
rNeg    . . .      Spirit   .   b - +0 leather armour
rPois   .          Reflect  .   (helmet unavailable)
rElec   .          Harm     .   (no cloak)
rCorr   .          Rampage  .   (no gloves)
Will    .....                   (no boots)
Stlth   ++........              (no amulet)
HPRegen 0.09/turn               (no ring)
MPRegen 0.08/turn               (no ring)

@: no status effects
A: permanent stasis, dig shafts and tunnels, antennae 3, four strong arms
a: Dig, Shaft Self


You were on level 2 of the Dungeon.
You visited 1 branch of the dungeon, and saw 2 of its levels.

You collected 37 gold pieces.

Inventory:

Hand Weapons
 a - a +0 club (weapon)
Armour
 b - a +0 leather armour (worn)
Wands
 c - a wand of flame (14) (quivered)
 d - a wand of charming (14)
Scrolls
 g - 2 scrolls of teleportation {unknown}
 i - a scroll of immolation {unknown}
 j - a scroll of identify {unknown}
Potions
 f - a potion of curing {unknown}
 h - a potion of degeneration {unknown}
Miscellaneous
 e - a piece from Xom's chessboard (15/15)


   Skills:
 + Level 1.7 Fighting
 + Level 2.7 Armour
 - Level 0.8 Dodging
 + Level 2.2 Stealth
 + Level 3.6 Evocations


You had 2 spell levels left.
You didn't know any spells.
Your spell library was empty.

Dungeon Overview and Level Annotations

Branches:
Dungeon (2/15)

Altars:


Innate Abilities, Weirdness & Mutations

You cannot be hasted, slowed, berserked, paralysed or teleported.
You can dig through walls and to a lower floor.
You have a pair of large antennae on your head. (SInv)
Your four strong arms can wield two-handed weapons with a shield.


Message History

Found a chain mail.
A goblin and a rat come into view.
The goblin shouts!
A frilled lizard comes into view.
The frilled lizard hisses angrily.
The adder is no longer charmed.
You closely miss the adder. The adder bites you.
You are poisoned.
The adder poisons you! The adder bites you.
You hit the adder.
The adder is lightly wounded.
You feel sick. The adder closely misses you. The rat bites you.
The adder bites you but does no damage. The rat closely misses you.
You barely miss the adder.
The adder is lightly wounded.
You feel sick. The adder bites you. The rat completely misses you.
The goblin hits you with a +0 dagger.
You barely miss the adder.
You feel sick. The adder completely misses you. The rat barely misses you.
The adder bites you. The goblin hits you with a +0 dagger.
You closely miss the adder.
You feel sick. The adder bites you but does no damage. The rat bites you.
* * * LOW HITPOINT WARNING * * *
The goblin hits you with a +0 dagger.
* * * LOW HITPOINT WARNING * * *
The adder closely misses you. The rat barely misses you.
You hit the adder.
The adder is moderately wounded.
You feel sick.
You are no longer poisoned.
The goblin hits you with a +0 dagger.
* * * LOW HITPOINT WARNING * * *
The adder closely misses you. The rat barely misses you.
The goblin hits you with a +0 dagger.
* * * LOW HITPOINT WARNING * * *
The adder misses you.
You hit the adder.
The adder is severely wounded.
The adder bites you.
You die...

#......# #.
#......# #.
#......# ######.
#....... .......
......... .......
......... ..[...l
...######
......r########...#
# #g@S.....#...# #
####(..#.#...#
#...#.#...#
#...#.....#
#...#.....#
#...#.....#
#####.†.#.....#
#.........#####
#.#########


You could see an adder, a goblin, a frilled lizard and a rat.

Vanquished Creatures
  2 dart slugs
  A giant cockroach (D:1)
  A goblin (D:2)
  A hobgoblin (D:1)
  A quokka (D:1)
  3 ball pythons
  4 bats
  3 frilled lizards
  4 kobolds
  2 rats (D:1)
22 creatures vanquished.

Vanquished Creatures (collateral kills)
  A giant cockroach (D:2)
  A bat (D:2)
2 creatures vanquished.

Grand Total: 24 creatures vanquished

Notes
Turn   | Place    | Note
-------+----------+-------------------------------------------
     0 | D:1      | hikkokomori the Formicid Artificer began the quest for the
                  | Orb.
     0 | D:1      | Reached XP level 1. HP: 15/15 MP: 1/1
   282 | D:1      | Reached XP level 2. HP: 20/21 MP: 2/2
  1283 | D:2      | Reached XP level 3. HP: 21/27 MP: 3/3
  1692 | D:2      | HP: 1/27 [goblin (2)]
  1693 | D:2      | Slain by an adder

Illustrated notes

Levels and vault maps discovered:
D:1:      minmay_arrival_arboretum_small, layout_basic
D:2:      layout_basic

Skill      XL: |  1  2 |
---------------+-------+-----
Stealth        | 2 |  2.2
Fighting       | |  1.7
Armour         | |  2.7
Dodging        | |  0.8
Evocations     | |  3.6

Action                   || total
-------------------------++-------
Melee: Club              ||   104
       Punch             ||     1
Evoke: Wand              ||     2
Armor: Leather armour    ||    39
Dodge: Dodged            ||    81
